 Dungeon Crawl Stone Soup version 0.19-a0-1908-g43c011f (webtiles) character file.

10508 Psiweapon the Cruncher (level 11, -8/68 HPs)
             Began as a Gargoyle Gladiator on Oct 22, 2016.
             Was a Follower of Ashenzari.
             Killed from afar by an ice dragon (39 damage)
             ... with a blast of cold
             ... in an ice cave.
             The game lasted 00:43:25 (8864 turns).

Psiweapon the Cruncher (Gargoyle Gladiator)         Turns: 8864, Time: 00:43:25

Health: -8/68      AC: 22    Str: 23    XL:     11   Next: 63%
Magic:  12/12      EV: 14    Int: 10    God:    Ashenzari [*.....]
Gold:   726        SH:  0    Dex:  8    Spells: 1 memorised, 8 levels left

rFire  . . .     SeeInvis .     a - +3 quarterstaff (elec) (curse)
rCold  . . .     Gourm    .     O - +4 troll leather armour (curse)
rNeg   + . .     Faith    .     (shield currently unavailable)
rPois  ∞         Spirit   .     c - +0 helmet
rElec  +         Reflect  .     t - +0 cloak
rCorr  .         Harm     .     X - +0 pair of gloves
MR     .....     Clarity  +     (no boots)
Stlth  ++........               S - amulet of regeneration
                                (no ring)
                                (no ring)

@: very slightly contaminated, hasted, very quick
A: icy blue scales 1, clarity, clumsy 1, negative energy resistance 1,
electricity resistance, strong 1, unbreathing, petrification resistance, rot
immunity, AC +7
a: Curse Item, Scrying, Renounce Religion


You were in an ice cave.
You worshipped Ashenzari.
Ashenzari was aware of your devotion.
You were very full.

You visited 3 branches of the dungeon, and saw 12 of its levels.
You also visited: Bailey and Ice Cave.

You collected 922 gold pieces.
You spent 196 gold pieces at shops.

Inventory:

Hand Weapons
 a - a cursed +3 quarterstaff of electrocution (weapon)
 q - a cursed +2 battleaxe of freezing
 V - the +2 spear of the Eleven Curses {drain, Int+4 Dex+4 Stlth-}
   (You found it on level 7 of the Dungeon)

   A truly terrible weapon, it drains the life of those it strikes.
   It affects your intelligence (+4).
   It affects your dexterity (+4).
   It makes you less stealthy.
Missiles
 d - 4 throwing nets
 g - 9 tomahawks
 m - 14 javelins (quivered)
 s - 105 sling bullets
Armour
 c - a +0 helmet (worn)
 t - a +0 cloak (worn)
 O - a cursed +4 troll leather armour (worn)
 X - a +0 pair of gloves (worn)
Jewellery
 p - an uncursed amulet of the gourmand
 S - an amulet of regeneration (around neck)
Wands
 G - a wand of lightning (2/15)
 L - a wand of digging (7/24)
 Q - a wand of lightning (9/15)
 T - a wand of digging (9/24)
 U - a wand of iceblast (7/15)
 Y - a wand of polymorph (19/24)
Scrolls
 k - 2 scrolls of identify
 l - 3 scrolls of enchant armour
 o - 5 scrolls of teleportation
 y - a scroll of fog
Potions
 e - a potion of haste
 r - 7 potions of curing
 u - a potion of might
 x - 3 potions of agility {unknown}
 A - a potion of cancellation {unknown}
 B - a potion of cure mutation {unknown}
 C - 2 potions of brilliance {unknown}
 H - 2 potions of flight
 M - a potion of magic {unknown}
 Z - 3 potions of lignification {unknown}
Comestibles
 f - 9 bread rations
 h - 6 beef jerkies
 v - 4 fruits
 J - a meat ration


   Skills:
 + Level 8.1 Fighting
 + Level 5.3(8.8) Polearms
 + Level 11.6(12.1) Staves
   Level 1.3(2.2) Slings
 + Level 2.8(3.0) Throwing
 + Level 6.0 Armour
 + Level 6.7 Dodging
 + Level 2.9 Stealth
 + Level 1.9 Evocations


You had 8 spell levels left.
You knew the following spells:

 Your Spells              Type           Power        Failure   Level  Hunger
a - Throw Flame           Conj/Fire      #.....       67%         2    ###....


Dungeon Overview and Level Annotations

Branches:
Dungeon (10/15)            Temple (1/1) D:5            Lair (1/6) D:8
    Orc (0/2) D:9

Altars:
Ashenzari
Cheibriados
Dithmenos
Elyvilon
Fedhas
Gozag
Hepliaklqana
Kikubaaqudgha
Makhleb
Nemelex Xobeh
Okawaru
Qazlal
Ru
Sif Muna
Trog
Uskayaw
Vehumet
Xom
Yredelemnul
Zin
The Shining One

Shops:
D:5 [


Innate Abilities, Weirdness & Mutations

You are resistant to torment.
Your stone body is resilient. (AC +7)
You are immune to poison.
You resist negative energy. (rN+)
You are resistant to electric shocks. (rElec)
You can survive without breathing.
You are immune to petrification.
You are immune to rotting.
You are partially covered in icy blue scales. (AC +2)
You possess an exceptional clarity of mind.
You are clumsy. (Dex -2)
Your muscles are strong. (Str +2)


Message History

The ice dragon is severely wounded.
You barely miss the ice dragon.
The ice dragon is severely wounded.
The ice dragon bites you but does no damage.
The ice dragon claws you but does no damage.
The ice dragon closely misses you.
You hit the ice dragon.
There is a sudden explosion of sparks!
The ice dragon is almost dead.
You barely miss the ice dragon.
The ice dragon is almost dead.
The ice dragon bites you but does no damage.
The ice dragon claws you. The ice dragon completely misses you.
You hit the ice dragon but do no damage.
The ice dragon is almost dead.
You completely miss the ice dragon.
The ice dragon is almost dead.
The ice dragon breathes frost at you. The blast of cold hits you!
Ouch! That really hurt!
You die...

##.###..## ### ##..####
##....#### ##....D.###
######...## ###..## ###
##..### #####.## ###D...###
.#.#...### ###.@......##
..#..#...####...........##
##.#####..#..............##
### ###................#
#.................#
###..............##
#.............##
###..........# #
##.#....#.##


You could see an ice dragon.

Vanquished Creatures
  Erolcha (D:9)
  3 orc knights (Bailey)
  A manticore (D:10)
  2 ice statues (IceCv)
  2 spiny frogs (Lair:1)
  Psyche (D:8)
  2 rime drakes (IceCv)
  2 hippogriffs
  A wyvern (D:9)
  2 hungry ghosts (D:9)
  11 orc warriors (Bailey)
  2 phantoms (D:9)
  A black bear (D:7)
  A sky beast (D:6)
  An eye of draining (D:9)
  4 ogres
  17 ice beasts
  A centaur (D:8)
  A crocodile (Lair:1)
  The ghost of Kaname the Magician, an amateur HEWn (D:4)
  3 bullfrogs
  A wyvern zombie (D:9)
  A wyvern skeleton (D:4)
  A scorpion (D:4)
  3 troll zombies (D:9)
  4 wights (D:9)
  2 crimson imps
  A centaur skeleton (D:8)
  2 bullfrog zombies
  A jelly (D:8)
  3 orc priests
  2 quasits
  A hound (D:7)
  6 orc wizards
  A bullfrog skeleton (D:9)
  Jessica (D:3)
  4 iguanas
  5 worker ants
  3 ogre zombies (D:9)
  A hound zombie (D:8)
  3 hound skeletons (D:4)
  A worker ant zombie (D:9)
  Robin (D:3)
  A howler monkey skeleton (D:10)
  8 adders
  A shadow imp (D:7)
  An adder skeleton (D:9)
  A worm (D:2)
  3 dart slugs
  6 leopard geckos
  40 orcs
  7 bats
  7 giant cockroaches
  12 goblins
  11 hobgoblins
  3 jackals
  2 quokkas
  A ball python (D:5)
  4 frilled lizards
  6 goblin zombies (D:9)
  8 kobolds
  A leopard gecko zombie (D:7)
  An orc skeleton (D:9)
  12 orc zombies (D:9)
  A quokka zombie (D:5)
  5 rats
250 creatures vanquished.

Vanquished Creatures (others)
  A fungus (Lair:1)
1 creature vanquished.

Grand Total: 251 creatures vanquished

Notes
Turn   | Place    | Note
-------+----------+-------------------------------------------
     0 | D:1      | Psiweapon the Gargoyle Gladiator began the quest for the Orb.
     0 | D:1      | Reached XP level 1. HP: 12/12 MP: 1/1
   407 | D:1      | Reached XP level 2. HP: 17/17 MP: 2/2
   846 | D:1      | Reached skill level 1 in Slings
  1455 | D:2      | Reached XP level 3. HP: 13/21 MP: 3/3
  1904 | D:2      | Reached skill level 4 in Staves
  1904 | D:2      | Reached XP level 4. HP: 24/27 MP: 4/4
  2068 | D:3      | Noticed Robin
  2101 | D:3      | Killed Robin
  2259 | D:3      | Noticed Jessica
  2267 | D:3      | Killed Jessica
  2267 | D:3      | Reached skill level 1 in Armour
  2267 | D:3      | Reached XP level 5. HP: 15/32 MP: 5/5
  2487 | D:5      | Entered Level 5 of the Dungeon
  2954 | D:3      | Reached skill level 5 in Staves
  3102 | D:3      | Found a blossoming altar of Fedhas.
  3324 | D:4      | Reached XP level 6. HP: 37/37 MP: 6/6
  3810 | D:4      | Noticed Kaname's ghost (amateur HEWn)
  3816 | D:4      | Killed Kaname's ghost
  3816 | D:4      | Reached XP level 7. HP: 41/41 MP: 7/7
  4293 | D:5      | Reached skill level 6 in Staves
  4642 | D:5      | Found Niomig's Antique Armour Emporium.
  4854 | D:5      | Bought a faintly humming leather armour for 196 gold pieces
  4885 | D:5      | Identified the +4 leather armour of the Great Game {rElec rN++} (You bought it in a shop on level 5 of the Dungeon)
  5051 | D:5      | Found a staircase to the Ecumenical Temple.
  5096 | Temple   | Entered the Ecumenical Temple
  5285 | Temple   | Became a worshipper of Ashenzari the Shackled
  5382 | D:6      | Reached skill level 7 in Staves
  5382 | D:6      | Reached XP level 8. HP: 48/48 MP: 8/8
  5630 | D:7      | Found a flagged portal.
  5642 | D:7      | Got the spear of the Eleven Curses {drain, Int+4 Dex+4 Stlth-}
  5643 | D:7      | Identified the +2 spear of the Eleven Curses {drain, Int+4 Dex+4 Stlth-} (You found it on level 7 of the Dungeon)
  5646 | Bailey   | Entered a bailey
  5683 | Bailey   | Reached skill level 8 in Staves
  5737 | Bailey   | Reached XP level 9. HP: 53/53 MP: 9/9
  5808 | Bailey   | Noticed an orc knight
  5865 | Bailey   | Reached skill level 1 in Polearms
  5937 | Bailey   | Reached skill level 5 in Fighting
  5992 | Bailey   | Reached skill level 5 in Dodging
  6011 | Bailey   | Killed an orc knight
  6065 | Bailey   | Noticed an orc knight
  6065 | Bailey   | Noticed an orc knight
  6109 | Bailey   | Killed an orc knight
  6115 | Bailey   | Killed an orc knight
  6115 | Bailey   | Reached skill level 5 in Armour
  6115 | Bailey   | Reached XP level 10. HP: 38/60 MP: 10/10
  6232 | D:6      | Found a basalt altar of Yredelemnul.
  6235 | D:6      | Found a shadowy altar of Dithmenos.
  6241 | D:6      | Found a glowing golden altar of the Shining One.
  6336 | D:6      | Gained mutation: You are partially covered in icy blue scales. (AC +2) [mutagenic meat]
  6337 | D:6      | Gained mutation: You possess an exceptional clarity of mind. [mutagenic meat]
  6338 | D:6      | Gained mutation: Your muscles are strong. (Str +2) [mutagenic meat]
  6339 | D:6      | Gained mutation: You are clumsy. (Dex -2) [mutagenic meat]
  6370 | D:8      | Reached skill level 5 in Polearms
  6746 | D:8      | Noticed Psyche
  6753 | D:8      | Killed Psyche
  6753 | D:8      | Reached skill level 1 in Evocations
  6816 | D:9      | Found a staircase to the Orcish Mines.
  6852 | D:9      | Reached skill level 9 in Staves
  7092 | D:9      | Reached * piety under Ashenzari
  7360 | D:9      | Found an iron altar of Okawaru.
  7576 | D:9      | Reached skill level 1 in Stealth
  7593 | D:9      | Noticed Erolcha
  7604 | D:9      | Killed Erolcha
  7604 | D:9      | Reached skill level 10 in Staves
  7769 | D:8      | Reached XP level 11. HP: 67/67 MP: 12/12
  7799 | D:8      | Found a staircase to the Lair.
  8110 | D:10     | Entered Level 10 of the Dungeon
  8110 | D:10     | Noticed a manticore
  8120 | D:10     | Killed a manticore
  8232 | Lair:1   | Entered Level 1 of the Lair of Beasts
  8408 | Lair:1   | Found a frozen archway.
  8433 | Lair:1   | Learned a level 2 spell: Throw Flame
  8435 | IceCv    | Entered an ice cave
  8439 | IceCv    | Reached skill level 11 in Staves
  8754 | IceCv    | Noticed an ice dragon
  8755 | IceCv    | Noticed an ice dragon
  8864 | IceCv    | Killed from afar by an ice dragon

Vault maps used:
D:1:      evilmike_arrival_rings, serial_bayou, serial_bayou_pond_b,
          serial_bayou_shore_b, serial_bayou_pond_b, serial_bayou_lagoon_a,
          nrook_loot_triangle
D:2:      wad_crossroads
D:3:      lemuel_round_altar, uniq_jessica, uniq_robin
D:4:      first_bread, kennysheep_generic_room_12
D:5:      serial_shops, nicolae_shop_waterfront
D:6:      grunt_temple_overflow_diamond, uniq_eustachio
D:7:      enter_bailey_2, grunt_ogre_cave
D:8:      lair_0_dummy, uniq_psyche
D:9:      zombieorc1_lemuel, okawaru_ov_weapons_minmay, uniq_erolcha
D:10:     lemuel_insect_pit
Temple:   bh_familiar_temple
Lair:1:   portal_ice_cave_entry_pillars_1, st_stairs_10, beast_lair_carwin_9
Bailey:   bailey_polearm_5, bailey
IceCv:    ice_cave_small_dragons

Skill      XL: |  1  2  3  4  5  6  7  8  9 10 11 |
---------------+----------------------------------+-----
Slings         | 1 |  1.3
Staves         | 4 5 7 8 10 11 | 11.6
Armour         | 1 2 3 5 6 |  6.0
Fighting       | 3 4 6 7 8 |  8.1
Dodging        | 3 4 5 6 |  6.7
Throwing       | 2 |  2.8
Polearms       | 4 5 |  5.3
Evocations     | 1 |  1.9
Stealth        | 1 2 |  2.9

Action                   |  1- 3 |  4- 6 |  7- 9 | 10-12 || total
-------------------------+-------+-------+-------+-------++-------
Melee: Quarterstaff      |   104 |   135 |   158 |   380 ||   777
       Spear             |       |       |   140 |    17 ||   157
 Fire: Hunting sling     |    15 |     9 |     3 |       ||    27
Throw: Javelin           |       |     3 |     7 |     5 ||    15
Invok: Curse Item        |       |       |     1 |     1 ||     2
Evoke: Wand              |       |       |     8 |    12 ||    20
  Use: Potion            |       |     1 |     8 |     3 ||    12
       Scroll            |       |       |    14 |    12 ||    26
 Stab: Sleeping          |       |       |       |     2 ||     2
  Eat: Chunk             |    13 |    14 |     6 |    27 ||    60
Armor: Leather armour    |    53 |    54 |    30 |       ||   137
       Troll leather arm |       |       |   102 |   164 ||   266
Dodge: Dodged            |    69 |    79 |   224 |   161 ||   533
